 Dungeon Crawl Stone Soup version 0.30-a0-779-g7971cf19c3 (webtiles) character file.

Game seed: 14458076442978451134

1925 Goldberg the Spear-Bearer (level 9, 0/66 (69) HPs)
             Began as a Human Wanderer on Feb 17, 2023.
             Was a Priest of Makhleb.
             Slain by a wight
             ... wielding a +6 dagger
              (4 damage)
             ... on level 7 of the Dungeon.
             The game lasted 00:25:47 (4290 turns).

Goldberg the Spear-Bearer (Human Wanderer)          Turns: 4290, Time: 00:25:48

HP:   0/66 (69)     AC:  9    Str: 18    XL:     9   Next: 39%
MP:   10/10         EV: 13    Int: 16    God:    Makhleb [***...]
Gold: 369           SH:  0    Dex: 11    Spells: 10/10 levels left

rFire   + . .      SeeInvis .    a - +4 spear (flame)
rCold   + . .      Faith    .    (no shield)
rNeg    . . .      Spirit   .    m - +0 steam dragon scales
rPois   +          Reflect  .    k - +2 helmet
rElec   .          Harm     .    s - scarf {rC+ rF+}
rCorr   .          Rampage  .    l - +0 pair of gloves
Will    .....      Rnd*Tele +    (no boots)
Stlth   +                        (no amulet)
HPRegen 0.31/turn                e - ring of the Healing Gods {rPois Int+3}
MPRegen 0.12/turn                (no ring)

@: lightly drained
A: talons 1, deterioration 1, teleportitis 1, wild magic 1
a: Renounce Religion, Minor Destruction, Lesser Servant of Makhleb


You were on level 7 of the Dungeon.
You worshipped Makhleb.
Makhleb was most pleased with you.
You visited 1 branch of the dungeon, and saw 7 of its levels.

You collected 369 gold pieces.

Inventory:

Hand Weapons
 a - a +4 spear of flaming (weapon)
 f - the +3 hand axe "Udoutoet" {heavy, Str+2 Dex+4}
   (You found it on level 4 of the Dungeon)

   Str:       It affects your strength (+2).
   Dex:       It affects your dexterity (+4).
Missiles
 n - a throwing net
 r - 6 javelins (quivered)
Armour
 k - a +2 helmet (worn)
 l - a +0 pair of gloves (worn)
 m - +0 steam dragon scales (worn)
 p - a +0 chain mail
 s - a scarf of resistance (worn)
Jewellery
 e - the ring of the Healing Gods (left hand) {rPois Int+3}
   (You found it on level 5 of the Dungeon)

   [ring of poison resistance]

   Int:       It affects your intelligence (+3).
   rPois:     It protects you from poison.
Wands
 o - a wand of polymorph (5)
Scrolls
 b - 2 scrolls of vulnerability
 c - a scroll of amnesia
 d - a scroll of identify
 h - a scroll of teleportation
 j - a scroll of fog
Potions
 g - 2 potions of ambrosia
 i - a potion of flight


   Skills:
 + Level 6.2 Fighting
 + Level 9.3 Polearms
 * Level 5.3 Dodging
 - Level 1.0 Stealth
 + Level 1.1 Spellcasting
 + Level 1.0 Conjurations
 + Level 1.7 Air Magic


You had 10 spell levels left.
You didn't know any spells.
Your spell library contained the following spells:

 Spells                   Type           Power      Damage    Failure   Level
 Shock                    Conj/Air       28%        1d4       19%         1
 Sting                    Tmut/Pois      4%         1d3       30%         1
 Poisonous Vapours        Pois/Air       8%         N/A       32%         2
 Scorch                   Fire           2%         2d5       43%         2
 Vhi's Electric Charge    Tloc/Air       8%         N/A       52%         3
 Inner Flame              Hex/Fire       1%         N/A       65%         3
 Summon Guardian Golem    Hex/Summ       1%         N/A       65%         3
 Flame Wave               Conj/Fire      3%         2d5       92%         4
 Sticky Flame             Conj/Fire      3%         2d3       92%         4
 Olgreb's Toxic Radiance  Pois           1%         N/A       95%         4
 Summon Cactus Giant      Summ           0%         N/A       100%        6
 Orb of Destruction       Conj           2%         9d5       100%        7
 Spellforged Servitor     Conj/Summ      1%         N/A       100%        7


Dungeon Overview and Level Annotations

Branches:
Dungeon (8/15)
 Temple: D:4-7         Lair: D:8-11

Altars:
Hepliaklqana
Makhleb
Qazlal
Trog
Wu Jian
Xom
The Shining One


Innate Abilities, Weirdness & Mutations

You have sharp toenails.
Your body sometimes deteriorates upon taking damage.
You are occasionally teleported next to monsters.
Your spells are a little harder to cast, but a little more powerful.


Message History

The howler monkey hoots and howls with incredible vigour!
The yak gores you!
You hear an angry buzzing noise.
You hit the yak. You burn the yak. You claw the yak.
The yak is heavily wounded.
You hit the yak. You burn the yak.
The yak is severely wounded.
The yak gores you.
* * * LOW HITPOINT WARNING * * *
You hit the yak but do no damage. You claw the yak.
The yak is almost dead.
The yak gores you.
* * * LOW HITPOINT WARNING * * *
You closely miss the yak.
The yak is severely wounded.
You puncture the yak! You burn the yak.
You kill the yak!
Makhleb accepts your kill.
You can now summon a lesser servant of Makhleb.
Okay, then.
You closely miss the wight. You barely miss the wight.
Your kick misses the wight.
A hornet comes into view.
The wight hits you but does no damage.
You barely miss the wight. You claw the wight.
The wight is lightly damaged.
The wight hits you but does no damage.
You hit the wight. You burn the wight.
The wight is severely damaged.
You closely miss the wight.
The wight is severely damaged.
The wight hits you with a +6 dagger.
* * * LOW HITPOINT WARNING * * *
You feel drained.
* * * LOW HITPOINT WARNING * * *
The wight attacks as you move away! The wight barely misses you.
The wight attacks as you move away! The wight hits you with a +6 dagger!
* * * LOW HITPOINT WARNING * * *
You feel drained.
You die...

#.##.###....
....#.#.## .##
##..###...###.#
#....#..y.....#
#.....#hh.#####
#.....##Y## #.#..##)#
#.#..##.#############
#.#.@zY.).....†..~~..
##.#.#######.#########
#..>.# #)# #..### #.#
..... #.# ####.. #.#
#.. #.# #.. #.# #.#
...


You could see a yak and a wight.

Vanquished Creatures
  Maggie (D:7)
  A troll (D:5)
  3 yaks (D:7)
  2 sky beasts (D:7)
  A black bear (D:4)
  An ogre (D:4)
  A scorpion (D:4)
  3 wights (D:7)
  2 hounds (D:4)
  3 jellies
  2 iguanas
  An orc wizard (D:5)
  4 adders
  8 gnolls
  An ufetubus (D:5)
  4 worms
  3 dart slugs
  7 orcs
  2 bats (D:2)
  5 endoplasms
  3 giant cockroaches
  9 goblins
  2 hobgoblins (D:3)
  9 jackals
  5 kobolds
  3 quokkas
  5 ball pythons
  2 frilled lizards
  5 rats
98 creatures vanquished.

Vanquished Creatures (others)
  A plant (D:1)
1 creature vanquished.

Grand Total: 99 creatures vanquished

Notes
Turn   | Place    | Note
-------+----------+-------------------------------------------
     0 | D:1      | Goldberg the Human Wanderer began the quest for the Orb.
     0 | D:1      | Goldberg set off with the following items: a +3 spear, a
                  | scroll of vulnerability, a +0 leather armour; and the
                  | following spell memorised: Shock; and the following spells
                  | available to memorise: Vhi's Electric Charge.
     0 | D:1      | Reached XP level 1. HP: 18/18 MP: 2/2
    63 | D:1      | Reached XP level 2. HP: 24/24 MP: 3/3
   159 | D:1      | Reached XP level 3. HP: 12/29 MP: 4/4
   904 | D:2      | Found a faded altar of an unknown god.
   911 | D:2      | Prayed at the altar of an unknown god.
   911 | D:2      | Became a worshipper of Makhleb the Destroyer
   911 | D:2      | Reached * piety under Makhleb
   983 | D:2      | Reached XP level 4. HP: 28/36 MP: 5/5
  1008 | D:2      | Reached skill level 1 in Dodging
  1639 | D:2      | Reached XP level 5. HP: 42/42 MP: 6/6
  1959 | D:3      | Reached ** piety under Makhleb
  1960 | D:3      | Reached skill level 1 in Conjurations
  2133 | D:3      | Found a glowing golden altar of the Shining One.
  2359 | D:3      | Reached skill level 5 in Polearms
  2441 | D:3      | Gained mutation: You have sharp toenails. [potion of
                  | mutation]
  2441 | D:3      | Gained mutation: You are occasionally teleported next to
                  | monsters. [potion of mutation]
  2441 | D:3      | Gained mutation: Your body sometimes deteriorates upon
                  | taking damage. [potion of mutation]
  2441 | D:3      | Gained mutation: Your spells are a little harder to cast,
                  | but a little more powerful. [potion of mutation]
  2569 | D:4      | Found an ornate altar of the Wu Jian Council.
  2706 | D:4      | Noticed an ogre
  2711 | D:4      | Killed an ogre
  2712 | D:4      | Reached XP level 6. HP: 48/48 MP: 7/7
  2820 | D:4      | Noticed a black bear
  2827 | D:4      | Killed a black bear
  2828 | D:4      | Reached skill level 6 in Polearms
  2828 | D:4      | Reached XP level 7. HP: 42/55 MP: 8/8
  2908 | D:4      | Identified the +3 hand axe "Udoutoet" {heavy, Str+2 Dex+4}
  3326 | D:5      | Entered Level 5 of the Dungeon
  3382 | D:5      | Found a shimmering altar of Xom.
  3411 | D:5      | Reached skill level 7 in Polearms
  3430 | D:5      | Found a stormy altar of Qazlal.
  3437 | D:5      | Noticed a troll
  3450 | D:5      | Killed a troll
  3451 | D:5      | Reached skill level 5 in Fighting
  3451 | D:5      | Reached XP level 8. HP: 28/62 MP: 9/9
  3586 | D:5      | Identified the ring of the Healing Gods {rPois Int+3}
  3608 | D:5      | Found a bloodstained altar of Trog.
  3808 | D:5      | Found a hazy altar of Hepliaklqana.
  3910 | D:5      | You fall into a shaft and drop 3 floors!
  3984 | D:7      | Noticed Maggie
  4003 | D:7      | Killed Maggie
  4004 | D:7      | Reached skill level 8 in Polearms
  4218 | D:7      | Noticed a yak
  4219 | D:7      | Noticed a yak
  4219 | D:7      | Noticed a yak
  4220 | D:7      | Noticed a yak
  4235 | D:7      | Noticed a yak
  4238 | D:7      | Reached XP level 9. HP: 52/69 MP: 10/10
  4264 | D:7      | Reached skill level 9 in Polearms
  4271 | D:7      | Reached skill level 5 in Dodging
  4281 | D:7      | Reached *** piety under Makhleb
  4283 | D:7      | Noticed a hornet
  4290 | D:7      | Slain by a wight

Illustrated notes

Levels and vault maps discovered:
D:1:      dpeg_arrival_erosion, layout_basic, serial_forest,
          infiniplex_forest_diagonal, infiniplex_forest_clump_C,
          infiniplex_forest_clump_double, infiniplex_forest_straight_2,
          infiniplex_forest_lined_3, infiniplex_forest_straight_2
D:2:      layout_basic, nicolae_ecumenical_lake_church
D:3:      layout_rooms, tso_metal_star
D:4:      layout_loops_ring, mainiacjoe_overflow_catwalk
D:5:      layout_cave_pods, mainiacjoe_overflow_concentric_impassable,
          mainiacjoe_overflow_cross_hatched, mainiacjoe_overflow_tiny_flanked,
          mainiacjoe_overflow_alcove_2, dreamdust_princess_corridor
D:7:      layout_loops_ring, uniq_maggie
D:8:      layout_loops_ring, st_stairs_6

Skill      XL: |  1  2  3  4  5  6  7  8  9 |
---------------+----------------------------+-----
Dodging        | 1 2 3 4 5 |  5.3
Fighting       | 4 5 6 |  6.2
Conjurations   | 1 |  1.0
Polearms       | 5 6 7 8 9 |  9.3
Stealth        | |  1.0
Spellcasting   | |  1.1
Air Magic      | |  1.7

Action                     |  1- 3 |  4- 6 |  7- 9 || total
---------------------------+-------+-------+-------++-------
  Melee: Spear             |    64 |   115 |   164 ||   343
         Kick              |       |     6 |    36 ||    42
         Punch             |       |       |     4 ||     4
   Cast: Shock             |     4 |       |       ||     4
    Use: Scroll            |       |     8 |     3 ||    11
         Potion            |       |     8 |     2 ||    10
 Armour: Leather armour    |    12 |     1 |       ||    13
         Scale mail        |       |    15 |    23 ||    38
         Ring mail         |       |     4 |       ||     4
         Steam dragon scal |       |       |    11 ||    11
         Chain mail        |       |       |     2 ||     2
  Dodge: Dodged            |    26 |    35 |    51 ||   112

Table legend: (Time is in decaauts)
 A = Elapsed time spent in this place.
 B = Non-inter-level travel time spent in this place.
 C = Inter-level travel time spent in this place.
 D = Time resting spent in this place.
 E = Time spent auto-exploring this place.
 F = Levels seen in this place.
 G = Mean time per level.
                   A        B        C        D        E       F      G
               +--------+--------+--------+--------+--------+-----+--------+
         Total |   4199 |   4150 |     49 |    282 |   2652 |   7 |  599.9 |
       Dungeon |   4199 |   4150 |     49 |    282 |   2652 |   7 |  599.9 |
               +--------+--------+--------+--------+--------+-----+--------+

Top non-repeatable levels by time:
     D:2: 1000 daAuts
     D:1: 865 daAuts
     D:4: 793 daAuts
     D:3: 619 daAuts
     D:5: 573 daAuts
     D:7: 286 daAuts
     D:8: 61 daAuts
